 Dungeon Crawl Stone Soup version 0.18-a0-1088-g34ef3a2 (webtiles) character file.

79 lysy the Chucker (level 4, -2/44 HPs)
             Began as an Ogre Hunter on Jan 15, 2016.
             Slain by a giant frog (4 damage)
             ... on level 3 of the Dungeon.
             The game lasted 00:06:16 (2568 turns).

lysy the Chucker (Ogre Hunter)                      Turns: 2568, Time: 00:06:16

Health: -2/44      AC:  3    Str: 22    XL:     4   Next: 38%
Magic:  4/4        EV: 10    Int: 10    God:
Gold:   55         SH:  0    Dex: 11    Spells: 0 memorised, 3 levels left

rFire  . . .     SeeInvis .     h - +1 club
rCold  . . .     Gourm    .     b - +0 robe
rNeg   . . .     Faith    .     (no shield)
rPois  .         Spirit   .     (helmet restricted)
rElec  .         Dismiss  .     (no cloak)
rCorr  .         Reflect  .     (gloves unavailable)
SustAt .         Harm     .     (boots unavailable)
MR     .....                    (no amulet)
Stlth  +.........               (no ring)
                                i - +5 ring of strength

@: about to teleport, not resistant to hostile enchantments, very unstealthy
A: unfitting armour, tough skin 1
a: no special abilities


You were on level 3 of the Dungeon.
You were not hungry.

You visited 1 branch of the dungeon, and saw 3 of its levels.

You collected 55 gold pieces.


Innate Abilities, Weirdness & Mutations

You are too large for most types of armour.
You have tough skin (AC +1).


   Skills:
 - Level 2.6 Fighting
 + Level 3.2 Maces & Flails
 + Level 5.0 Throwing
 - Level 1.7 Dodging
 - Level 0.7 Stealth


You had 3 spell levels left.
You didn't know any spells.

Inventory:

Hand Weapons
 a - a +0 short sword
 h - a +1 club (weapon)
Missiles
 c - 5 large rocks {=f}
 d - 2 throwing nets {=f}
 g - 53 stones (quivered)
Armour
 b - a +0 robe (worn)
Jewellery
 i - a +5 ring of strength (left hand)
Wands
 p - a wand of fire (5/15)
Scrolls
 e - 4 scrolls of remove curse
 o - a scroll of fog
 q - a scroll of identify {@r1}
Potions
 j - a potion of cure mutation
 k - a potion of lignification {unknown}
 l - a potion of brilliance {unknown}
 m - a potion of might {unknown}
Comestibles
 f - a bread ration
 n - 3 chunks of flesh

Dungeon Overview and Level Annotations

Branches:
Dungeon (3/15)

Altars:
Gozag
Yredelemnul

▒▒▒▒ ▒... ▒▒▒▒▒▒.▒▒
▒.....▒..
▒▒▒▒▒▒▒▒▒▒▒.▒▒▒▒.▒▒
............▒▒▒...▒
▒▒▒▒▒▒▒▒▒▒..<...▒..
▒▒▒▒▒▒▒......▒▒▒▒...▒
▒..FO...▒▒▒▒▒▒ ▒▒..>
▒.▒▒▒▒▒▒▒ ▒▒▒▒ ▒.▒
▒.▒ ... ... ▒.▒▒▒
...(▒ ▒.... .▒.▒▒
▒.▒▒▒ ▒.▒(.


You could see a giant frog.


Message History

You throw a stone.
The stone closely misses the giant frog.
You closely miss the giant frog.
The giant frog is lightly wounded.
The giant frog hits you but does no damage.
The giant frog hits you.
You closely miss the giant frog.
The giant frog is lightly wounded.
The giant frog hits you!
* * * LOW HITPOINT WARNING * * *
The giant frog hits you.
* * * LOW HITPOINT WARNING * * *
You closely miss the giant frog.
The giant frog is lightly wounded.
The giant frog misses you. The giant frog hits you!
* * * LOW HITPOINT WARNING * * *
You closely miss the giant frog.
The giant frog is lightly wounded.
The giant frog hits you.
* * * LOW HITPOINT WARNING * * *
The giant frog barely misses you. The giant frog hits you.
* * * LOW HITPOINT WARNING * * *
Drink which item? (? for menu, Esc to quit)
Okay, then.
Read which item? (? for menu, Esc to quit)
As you read the scroll labeled WEHEGAUTATS, it crumbles to dust.
You feel strangely unstable.
It was a scroll of teleportation.
The giant frog hits you.
You die...

Action                   |  1- 3 |  4- 6 || total
-------------------------+-------+-------++-------
Melee: Club              |    94 |    31 ||   125
       Short sword       |     2 |       ||     2
Throw: Stone             |    99 |    15 ||   114
  Use: Scroll            |     7 |     1 ||     8
  Eat: Chunk             |     3 |     2 ||     5

Vault maps used:
D:1:      dpeg_arrival_lava_temple_mockup, corner_web_ring, st_stairs_4
D:2:      marbit_many_paths, nicolae_overflow_crystal_walls
D:3:      gup_sewer_entry_glass, grunt_decor_arrowhead, uniq_natasha,
          uniq_crazy_yiuf_cottage

Notes
Turn   | Place    | Note
--------------------------------------------------------------
     0 | D:1      | lysy the Ogre Hunter began the quest for the Orb.
     0 | D:1      | Reached XP level 1. HP: 22/22 MP: 1/1
   270 | D:1      | Reached skill level 1 in Maces & Flails
   374 | D:1      | Reached XP level 2. HP: 27/29 MP: 2/2
  1273 | D:2      | Found a basalt altar of Yredelemnul.
  1493 | D:2      | Reached XP level 3. HP: 36/36 MP: 3/3
  1516 | D:2      | Reached skill level 2 in Maces & Flails
  2014 | D:2      | Found an opulent altar of Gozag.
  2174 | D:3      | Noticed Natasha
  2187 | D:2      | Killed Natasha
  2187 | D:2      | Reached skill level 3 in Maces & Flails
  2187 | D:2      | Reached XP level 4. HP: 41/44 MP: 4/4
  2195 | D:2      | Reached skill level 5 in Throwing
  2558 | D:3      | Noticed a giant frog
  2567 | D:3      | HP: 2/44 [giant frog (4)]
  2568 | D:3      | Slain by a giant frog

Vanquished Creatures
  Natasha (D:2)
  An adder (D:2)
  An ooze (D:2)
  3 worms
  5 bats
  2 goblins (D:1)
  2 hobgoblins (D:2)
  7 kobolds
  2 quokkas (D:2)
  A ball python (D:3)
  A giant newt (D:3)
  8 rats
34 creatures vanquished.
